 Dungeon Crawl Stone Soup version 0.22.1-2-g9c5b331383 (webtiles) character file.

1057 Knicklaso the Magician (level 8, -3/61 HPs)
             Began as a Mummy Wizard on Dec 5, 2018.
             Was an Initiate of Gozag.
             Killed from afar by an orc wizard (8 damage)
             ... with a magic dart
             ... on level 5 of the Dungeon.
             The game lasted 00:17:10 (7533 turns).

Knicklaso the Magician (Mummy Wizard)               Turns: 7533, Time: 00:17:11

Health: -3/61      AC:  2    Str: 11    XL:     8   Next: 6%
Magic:  13/18      EV: 12    Int: 19    God:    Gozag
Gold:   382        SH:  0    Dex: 10    Spells: 11/20 levels left

rFire    x . .     SeeInvis .   d - +4 spear
rCold    + . .     Gourm    .   (no shield)
rNeg     + + +     Faith    .   a - +0 robe
rPois    ∞         Spirit   .   b - +0 hat
rElec    .         Reflect  .   (no cloak)
rCorr    .         Harm     .   (no gloves)
MR       +....                  (no boots)
Stlth    ++........             (no amulet)
HPRegen  0.20/turn              (no ring)
MPRegen  0.16/turn              (no ring)

@: very slightly contaminated
A: no food or potions, fire vulnerability, cold resistance 1, negative energy
resistance 3, torment resistance, unbreathing
a: Potion Petition, Call Merchant, Bribe Branch, Renounce Religion


You were on level 5 of the Dungeon.
You worshipped Gozag.
Gozag was aware of your devotion.
You were not hungry.

You visited 2 branches of the dungeon, and saw 7 of its levels.

You collected 436 gold pieces.
You paid 54 gold pieces to Gozag.

Inventory:

Hand Weapons
 d - a +4 spear (weapon)
Armour
 a - a +0 robe (worn)
 b - a +0 hat (worn)
Jewellery
 m - a +4 ring of intelligence {unknown}
Wands
 g - a wand of digging (16)
 i - a wand of flame (26)
Scrolls
 c - 11 scrolls of identify
 e - 2 scrolls of remove curse
 f - 3 scrolls of teleportation {unknown}
 h - 2 scrolls of magic mapping {unknown}
 j - a scroll of enchant armour {unknown}
 k - a scroll of fear {unknown}
 l - a scroll of blinking {unknown}


   Skills:
 + Level 4.3 Fighting
 - Level 1.5 Dodging
 - Level 1.5 Stealth
 + Level 6.8 Spellcasting
 - Level 4.0 Conjurations
 - Level 2.0 Summonings
   Level 0.7 Translocations
 - Level 2.0 Air Magic
 - Level 2.0 Poison Magic


You had 11 spell levels left.
You knew the following spells:

 Your Spells              Type           Power        Failure   Level  Hunger
a - Magic Dart            Conj           ###.         1%          1    N/A
b - Mephitic Cloud        Conj/Pois/Air  ###.....     10%         3    N/A
c - Conjure Flame         Conj/Fire      ##......     14%         3    N/A
d - Call Imp              Summ           ##......     7%          2    N/A

Your spell library contained the following spells:

 Spells                   Type           Power        Failure   Level  Hunger
 Blink                    Tloc           N/A          12%         2    N/A
 Slow                     Hex            #.......     16%         2    N/A

Dungeon Overview and Level Annotations

Branches:
Dungeon (6/15)             Temple (1/1) D:4

Altars:
Ashenzari
Cheibriados
Dithmenos
Fedhas
Gozag
Hepliaklqana
Kikubaaqudgha
Makhleb
Nemelex Xobeh
Qazlal
Ru
Sif Muna
Trog
Uskayaw
Yredelemnul
Zin

Shops:
D:4 :


Innate Abilities, Weirdness & Mutations

You do not eat or drink.
Your flesh is vulnerable to fire.
You are immune to poison.
Your flesh is cold resistant. (rC+)
You are immune to negative energy. (rN+++)
You are immune to unholy pain and torment.
You can survive without breathing.


Message History

The magic dart hits you!
* * * LOW HITPOINT WARNING * * *
Found 15 gold pieces.
Your crimson imp blinks!
The necrophage hits your crimson imp.
Your crimson imp hits the necrophage.
Something barely misses you.
There is a stone staircase leading up here.
Something hits you.
* * * LOW HITPOINT WARNING * * *
The necrophage barely misses your crimson imp.
Your crimson imp barely misses the necrophage.
You climb upwards.
Your summoned ally is left behind.
There is a stone staircase leading down here.
Okay, then.
You can't drink.
You hear some strange, mumbled words.
A magic dart appears from out of thin air!
The magic dart hits you!
You die...
Your body crumbles into a pile of gold.

## .##################
.'..............{>#
.##########.....@##
###########.###..#######
...>..........#..#.....#
###....####.#+#.....##.# #
#.............##..##.#
###.............##..##.#
................##..##.#
....##..........##.....#######
....##..!.......##...........#


There were no monsters in sight!

Vanquished Creatures
  A crimson imp (D:6)
  2 hounds
  A centaur skeleton (D:5)
  A jelly (D:5)
  3 orc wizards
  2 orc priests
  An iguana (D:4)
  Natasha (thrice) (D:2)
  4 worker ants
  A hound skeleton (D:4)
  2 howler monkey skeletons
  4 gnolls (D:4)
  5 adders
  2 shadow imps
  2 oozes
  An adder skeleton (D:4)
  2 worms
  2 dart slugs
  2 leopard geckos
  13 orcs
  10 bats
  3 giant cockroaches
  11 goblins
  10 hobgoblins
  6 jackals
  A quokka (D:5)
  2 ball pythons
  3 frilled lizards
  12 kobolds
  8 rats
120 creatures vanquished.

Vanquished Creatures (collateral kills)
  A water moccasin (D:5)
  3 sky beasts
  An orc wizard (D:4)
  An adder (D:2)
  An orc (D:5)
  A frilled lizard (D:2)
8 creatures vanquished.

Grand Total: 128 creatures vanquished

Notes
Turn   | Place    | Note
-------+----------+-------------------------------------------
     0 | D:1      | Knicklaso the Mummy Wizard began the quest for the Orb.
     0 | D:1      | Reached XP level 1. HP: 13/13 MP: 5/5
    15 | D:1      | Reached skill level 1 in Conjurations
   540 | D:1      | Reached XP level 2. HP: 20/20 MP: 2/7
   764 | D:1      | Found a snail-covered altar of Cheibriados.
  1067 | D:1      | Reached skill level 1 in Fighting
  1215 | D:1      | Reached XP level 3. HP: 23/26 MP: 1/8
  2183 | D:2      | Learned a level 2 spell: Call Imp
  2337 | D:2      | Reached XP level 4. HP: 32/32 MP: 6/10
  2782 | D:2      | You fall through a shaft!
  3466 | D:2      | Noticed Natasha
  3476 | D:2      | Killed Natasha
  3476 | D:2      | Reached XP level 5. HP: 18/38 MP: 6/12
  3884 | D:2      | Noticed Natasha
  3894 | D:2      | Killed Natasha
  3894 | D:2      | Reached skill level 5 in Spellcasting
  3901 | D:2      | Noticed Natasha
  3913 | D:2      | Killed Natasha
  4301 | D:4      | Found a staircase to the Ecumenical Temple.
  4304 | D:4      | Reached XP level 6. HP: 46/46 MP: 14/14
  4311 | Temple   | Entered the Ecumenical Temple
  4420 | Temple   | Became a worshipper of Gozag Ym Sagoz the Greedy
  4443 | D:4      | Found Pihochu's Book Emporium.
  4496 | D:4      | Found an ancient bone altar of Kikubaaqudgha.
  4522 | D:4      | Found a shattered altar of Ashenzari.
  4533 | D:4      | Found a stormy altar of Qazlal.
  4545 | D:4      | Found a bloodstained altar of Trog.
  4895 | D:4      | Noticed an orc warrior
  5084 | D:4      | Found a burning altar of Makhleb.
  5087 | D:4      | Found a basalt altar of Yredelemnul.
  5242 | D:5      | Entered Level 5 of the Dungeon
  5302 | D:5      | Noticed a dagger
  5302 | D:5      | Noticed a dagger
  5306 | D:5      | Found a hide-covered altar of Uskayaw.
  5338 | D:5      | Reached skill level 1 in Summonings
  5562 | D:5      | Noticed a sky beast
  5639 | D:4      | Killed a sky beast
  5639 | D:4      | Reached XP level 7. HP: 10/52 MP: 9/15
  5654 | D:4      | Reached skill level 6 in Spellcasting
  5888 | D:4      | Learned a level 3 spell: Mephitic Cloud
  5892 | D:4      | Learned a level 3 spell: Conjure Flame
  5965 | D:5      | Found a bloodstained altar of Trog.
  6312 | D:5      | Reached skill level 1 in Poison Magic
  6359 | D:5      | Reached skill level 1 in Air Magic
  7457 | D:6      | Reached XP level 8. HP: 38/60 MP: 12/18
  7533 | D:5      | Killed from afar by an orc wizard

Skill      XL: |  1  2  3  4  5  6  7  8 |
---------------+-------------------------+-----
Conjurations   | 1 2 3 4 |  4.0
Fighting       | 1 2 3 4 |  4.3
Spellcasting   | 5 6 |  6.8
Summonings     | 1 2 |  2.0
Poison Magic   | 1 2 |  2.0
Air Magic      | 2 |  2.0
Dodging        | |  1.5
Stealth        | |  1.5
Translocations | |  0.7

Action                   |  1- 3 |  4- 6 |  7- 9 || total
-------------------------+-------+-------+-------++-------
Melee: Spear             |    11 |    72 |    95 ||   178
       Dagger            |     3 |       |       ||     3
 Cast: Magic Dart        |    92 |   160 |    42 ||   294
       Call Imp          |     3 |     2 |    21 ||    26
       Conjure Flame     |       |       |     1 ||     1
Invok: Potion Petition   |       |       |     1 ||     1
  Use: Scroll            |     4 |       |       ||     4
 Stab: Sleeping          |       |     1 |       ||     1
Armor: Robe              |     8 |     5 |    14 ||    27
Dodge: Dodged            |    28 |    63 |    70 ||   161
